 Dungeon Crawl Stone Soup version 0.21.1-1-g345015fe64 (webtiles) character file.

1641 Redear the Grappler (level 8, -2/72 (74) HPs)
             Began as a Troll Monk on Mar 10, 2018.
             Killed from afar by Erica (18 damage)
             ... with an orb of energy
             ... on level 8 of the Dungeon.
             The game lasted 00:11:31 (2058 turns).

Redear the Grappler (Troll Monk)                    Turns: 2058, Time: 00:11:31

HP:   -2/72 (74)    AC:  5    Str: 20    XL:     8   Next: 66%
MP:   7/7           EV: 10    Int:  6    God:
Gold: 185           SH:  0    Dex: 14    Spells: 7/7 levels left

rFire    . . .     SeeInvis .     - Unarmed
rCold    . . .     Gourm    +   (no shield)
rNeg     . . .     Faith    .   a - +0 robe
rPois    .         Spirit   .   (helmet restricted)
rElec    .         Reflect  .   (no cloak)
rCorr    .         Harm     .   (gloves unavailable)
MR       .....                  (boots unavailable)
Stlth    ++........             (no amulet)
HPRegen  0.62/turn              (no ring)
MPRegen  0.10/turn              (no ring)

@: slowed, very slow
A: large, unfitting armour, claws 3, fast metabolism 3, gourmand, regeneration
1, shaggy fur 1, tough skin 2
a: no special abilities


You were on level 8 of the Dungeon.
You were completely stuffed.

You visited 1 branch of the dungeon, and saw 8 of its levels.

You collected 185 gold pieces.

Inventory:

Hand Weapons
 i - a cursed -3 spear
Missiles
 q - 44 stones (quivered)
Armour
 a - a +0 robe (worn)
Magical Staves
 n - an uncursed staff of conjuration
Wands
 l - a wand of random effects (58)
Scrolls
 c - 3 scrolls of remove curse {unknown}
 e - a scroll of noise {unknown}
 f - 4 scrolls of identify {unknown}
 h - 4 scrolls of enchant armour {unknown}
 j - 2 scrolls of magic mapping {unknown}
 m - a scroll of amnesia {unknown}
Potions
 d - a potion of haste {unknown}
 g - a potion of heal wounds {unknown}
 k - a potion of cancellation {unknown}
 p - a potion of curing {unknown}
Books
 o - a book of Callings

   Spells                             Type                      Level
   a - Summon Small Mammal            Summoning                    1
   b - Call Imp                       Summoning                    2
   c - Call Canine Familiar           Summoning                    3
   d - Summon Guardian Golem          Hexes/Summoning              3
   e - Summon Lightning Spire         Summoning/Air                4
   f - Summon Ice Beast               Ice/Summoning                4
 s - a book of Minor Magic

   Spells                             Type                      Level
   a - Magic Dart                     Conjuration                  1
   b - Blink                          Translocation                2
   c - Call Imp                       Summoning                    2
   d - Slow                           Hexes                        2
   e - Conjure Flame                  Conjuration/Fire             3
   f - Mephitic Cloud                 Conjuration/Poison/Air       3
Comestibles
 b - 6 rations
 r - 5 chunks of flesh


   Skills:
 - Level 2.4 Fighting
 - Level 2.4 Dodging
 - Level 1.0 Stealth
 + Level 11.3 Unarmed Combat


You had 7 spell levels left.
You didn't know any spells.

Dungeon Overview and Level Annotations

Branches:
Dungeon (8/15)
 Temple: D:4-7         Lair: D:8-11

Altars:

Shops:
D:8 [

Annotations:
D:8 Erica


Innate Abilities, Weirdness & Mutations

You are too large for most types of armour.
You have claws for hands.
Your metabolism is lightning-fast.
You like to eat raw meat.
Your natural rate of healing is unusually fast.
You are covered in fur. (AC +1)
You have very tough skin. (AC +2)


Message History

Something hits you! Something burns you. Something hits you.
Something burns you.
You scratch something.
You hear some strange, mumbled words.
You are confused.
Something hits you!
* * * LOW HITPOINT WARNING * * *
Something burns you.
* * * LOW HITPOINT WARNING * * *
You hear some strange, mumbled words.
Something tries to affect you, but you resist.
Something hits you.
* * * LOW HITPOINT WARNING * * *
Something burns you.
* * * LOW HITPOINT WARNING * * *
You feel less confused.
You hear some strange, mumbled words.
An orb of energy appears from out of thin air!
The orb of energy hits you!
You die...

#.#.# #.##..# #.#.#
#.....# #.#(########
#.....# #..........#
#.....#
#..........###.....#
#..........##......#
#..........##....{.#
#...#.#....##..#...#
#....>.....##..#@..#
#...#.#....##..#......#
#........####..#...##.#
#..............#...# #
#.#########.#..#.#.# .#
#.#.......#.#..#.#..#.#
#.#.#####.#.#..#.#....#..#
......# #.#.#..#.#....#..#
#.#.#.# #.#.#.<#.#.#..#..#


There were no monsters in sight!

Vanquished Creatures
  Grinder (D:5)
  A hippogriff (D:6)
  An orc warrior (D:8)
  A necrophage (D:7)
  2 black bears (D:8)
  An ogre (D:8)
  An ice beast (D:8)
  2 centaurs (D:8)
  A big kobold (D:8)
  A bullfrog (D:6)
  A scorpion (D:8)
  3 crimson imps
  A gnoll shaman (D:8)
  2 hounds
  An orc wizard (D:3)
  An iguana (D:6)
  2 worker ants (D:8)
  A hound zombie (D:5)
  5 gnolls (D:8)
  A shadow imp (D:8)
  An adder zombie (D:5)
  7 orcs
  2 bats (D:3)
  A giant cockroach (D:3)
  2 goblins
  A hobgoblin (D:2)
  A quokka (D:8)
  2 ball pythons (D:3)
  A frilled lizard (D:2)
  2 rats (D:2)
50 creatures vanquished.

Vanquished Creatures (others)
  A fungus (D:8)
1 creature vanquished.

Grand Total: 51 creatures vanquished

Notes
Turn   | Place    | Note
-------+----------+-------------------------------------------
     0 | D:1      | Redear the Troll Monk began the quest for the Orb.
     0 | D:1      | Reached XP level 1. HP: 22/22 MP: 0/0
   190 | D:3      | Noticed an orc wizard
   194 | D:3      | Killed an orc wizard
   194 | D:3      | Reached skill level 4 in Unarmed Combat
   194 | D:3      | Reached XP level 2. HP: 27/29 MP: 1/1
   194 | D:3      | Reached XP level 3. HP: 33/36 MP: 2/2
   301 | D:5      | Entered Level 5 of the Dungeon
   323 | D:5      | Noticed Grinder
   335 | D:5      | Killed Grinder
   335 | D:5      | Reached skill level 6 in Unarmed Combat
   335 | D:5      | Reached XP level 4. HP: 9/44 MP: 3/3
   335 | D:5      | Reached XP level 5. HP: 10/50 MP: 4/4
   427 | D:5      | Reached XP level 6. HP: 59/59 MP: 5/5
   522 | D:5      | Reached skill level 7 in Unarmed Combat
   810 | D:6      | Noticed a hippogriff
   825 | D:6      | Killed a hippogriff
   825 | D:6      | Reached skill level 8 in Unarmed Combat
   825 | D:6      | Reached XP level 7. HP: 20/66 MP: 6/6
   959 | D:7      | Reached skill level 9 in Unarmed Combat
  1089 | D:8      | Reached XP level 8. HP: 48/72 MP: 7/7
  1154 | D:8      | Reached skill level 10 in Unarmed Combat
  1852 | D:8      | Found Puohoucw's Antique Armour Boutique.
  1903 | D:8      | Reached skill level 11 in Unarmed Combat
  2026 | D:8      | Noticed Erica
  2058 | D:8      | Killed from afar by Erica

Skill      XL: |  1  2  3  4  5  6  7  8 |
---------------+-------------------------+-----
Unarmed Combat | 4 6 8 9 11 | 11.3
Fighting       | |  2.4
Dodging        | |  2.4
Stealth        | |  1.0

Action                   |  1- 3 |  4- 6 |  7- 9 || total
-------------------------+-------+-------+-------++-------
Melee: Unarmed           |    48 |    44 |    79 ||   171
       Punch             |     4 |     1 |     4 ||     9
 Stab: Sleeping          |     1 |       |       ||     1
  Eat: Chunk             |     8 |     4 |    12 ||    24
Armor: Robe              |    24 |    10 |    19 ||    53
Dodge: Dodged            |    31 |    18 |    28 ||    77
